 Dungeon Crawl Stone Soup version 0.21-a0-442-g848f44b (webtiles) character file.

274000 alkexr the Devastator (level 20, -1/124 HPs)
             Began as a Gargoyle Earth Elementalist on Nov 12, 2017.
             Was the Champion of Vehumet.
             Splashed by an acid blob's acid (7 damage)
             ... on level 4 of the Pits of Slime on Nov 20, 2017.
             The game lasted 06:26:48 (60857 turns).

alkexr the Devastator (GrEE)                       Turns: 60857, Time: 06:26:49

Health: -1/124     AC: 24    Str: 23    XL:     20   Next: 30%
Magic:  32/46      EV: 17    Int: 27    God:    Vehumet [******]
Gold:   2976       SH:  7    Dex: 10    Spells: 6/48 levels left

rFire    + . .     SeeInvis +   w - +7 captain's cutlass {speed, disarm}
rCold    + . .     Gourm    .   m - +0 buckler
rNeg     + . .     Faith    .   z - +1 robe of Action {*Drain rC++ Int+2 Dex+4}
rPois    ∞         Spirit   .   b - +0 Maxwell's etheric cage {RegenMP+ *Contam rElec MP+4}
rElec    +         Reflect  +   n - +2 cloak
rCorr    +         Harm     .   l - +3 pair of gloves of Coihyom {rElec rPois Str+3}
MR       +....                  i - +0 pair of boots
Stlth    +++.......             c - +3 amulet of reflection
HPRegen  0.30/turn              X - ring of fire MPRegen 0.80/turn*
                                s - ring "Leppaon" {rCorr Str+8}

@: corroded, flying, very slightly contaminated, studying Long Blades
A: big wings, see invisible, clumsy 2, deformed body, high mp 1, negative energy
resistance 1, electricity resistance, unbreathing, petrification resistance, rot
immunity, AC +15
}: 2/15 runes: barnacled, gossamer
a: Stop Flying, Renounce Religion


You were on level 4 of the Pits of Slime.
You worshipped Vehumet.
Vehumet was exalted by your worship.
You were not hungry.

You visited 9 branches of the dungeon, and saw 41 of its levels.
You also visited: Labyrinth and Ice Cave.

You collected 3930 gold pieces.
You spent 954 gold pieces at shops.

Inventory:

Hand Weapons
 w - the +7 captain's cutlass (weapon) {speed, disarm}
   (You found it on level 6 of the Dungeon)

   Attacks with this weapon are significantly faster.
Armour
 b - the +0 Maxwell's etheric cage (worn) {RegenMP+ *Contam rElec MP+4}
   (You acquired it on level 3 of the Shoals)

   It insulates you from electricity.
   It affects your magic capacity (+4).
   It causes magical contamination when unequipped.
 i - a +0 pair of boots (worn)
 l - the +3 pair of gloves of Coihyom (worn) {rElec rPois Str+3}
   (You found it on level 3 of the Lair of Beasts)

   It affects your strength (+3).
   It insulates you from electricity.
   It protects you from poison.
 m - a +0 buckler (worn)
 n - a +2 cloak (worn)
 z - the +1 robe of Action (worn) {*Drain rC++ Int+2 Dex+4}
   (You bought it in a shop on level 5 of the Dungeon)

   It affects your intelligence (+2).
   It affects your dexterity (+4).
   It greatly protects you from cold.
   It causes draining when unequipped.
Magical Staves
 e - an uncursed staff of earth
Jewellery
 c - a +3 amulet of reflection (around neck)
 s - the ring "Leppaon" (right hand) {rCorr Str+8}
   (You took it off a minotaur in a labyrinth)

   [ring of resist corrosion]

   It affects your strength (+8).
 I - an uncursed ring of protection from fire
 X - a ring of fire (left hand)
 Y - an uncursed ring of protection from cold
Wands
 x - a wand of scattershot (4/9)
 E - a wand of paralysis (16/24)
 P - a wand of iceblast (11/15)
 Z - a wand of acid (9/15)
Scrolls
 a - 5 scrolls of fear
 h - 10 scrolls of identify
 j - 7 scrolls of immolation
 k - 15 scrolls of remove curse
 t - 9 scrolls of amnesia
 u - 3 scrolls of recharging
 C - 2 scrolls of blinking
 G - 7 scrolls of teleportation
 J - 2 scrolls of fog
 U - 3 scrolls of magic mapping
 W - 4 scrolls of enchant armour
Potions
 f - 8 potions of curing
 g - 2 potions of agility
 o - 5 potions of mutation
 p - 2 potions of might
 r - 3 potions of cancellation
 v - 7 potions of brilliance
 B - 6 potions of ambrosia
 K - a potion of magic
 L - 3 potions of haste
 N - 4 potions of invisibility
Books
 y - a book of the Dragon

   Spells                             Type                      Level
   a - Flame Tongue                   Conjuration/Fire             1
   b - Cause Fear                     Hexes                        4
   c - Bolt of Fire                   Conjuration/Fire             6
   d - Dragon Form                    Transmutation                7
   e - Dragon's Call                  Summoning                    9
 A - a book of the Earth

   Spells                             Type                      Level
   a - Leda's Liquefaction            Hexes/Earth                  4
   b - Bolt of Magma                  Conjuration/Fire/Earth       5
   c - Statue Form                    Transmutation/Earth          6
   d - Iron Shot                      Conjuration/Earth            6
   e - Shatter                        Earth                        9
 H - a book of Death

   Spells                             Type                      Level
   a - Corpse Rot                     Necromancy                   2
   b - Sublimation of Blood           Necromancy                   2
   c - Agony                          Necromancy                   5
   d - Dispel Undead                  Necromancy                   5
   e - Excruciating Wounds            Charms/Necromancy            5
   f - Bolt of Draining               Conjuration/Necromancy       5
 M - a book of the Sky

   Spells                             Type                      Level
   a - Summon Lightning Spire         Summoning/Air                4
   b - Silence                        Hexes/Air                    5
   c - Deflect Missiles               Charms/Air                   6
   d - Conjure Ball Lightning         Conjuration/Air              6
   e - Tornado                        Air                          9
 O - a book of Clouds

   Spells                             Type                      Level
   a - Poisonous Vapours              Poison/Air                   2
   b - Mephitic Cloud                 Conjuration/Poison/Air       3
   c - Conjure Flame                  Conjuration/Fire             3
   d - Freezing Cloud                 Conjuration/Ice/Air          6
   e - Ring of Flames                 Charms/Fire                  7
 R - a manual of Long Blades
Miscellaneous
 q - 2 phantom mirrors
 F - a phial of floods
 T - 2 sacks of spiders
Comestibles
 d - a bread ration
 Q - 22 royal jellies
 S - 38 fruits


   Skills:
 - Level 13.0 Fighting
 - Level 11.4(11.7) Short Blades
 + Level 4.3(8.6) Long Blades
 - Level 7.1 Armour
 - Level 10.7 Dodging
 - Level 6.0 Stealth
 - Level 4.0 Shields
 + Level 14.9 Spellcasting
 - Level 15.2 Conjurations
 - Level 3.1 Translocations
 - Level 3.3 Transmutations
 - Level 7.2 Fire Magic
 - Level 8.0 Ice Magic
 - Level 5.1 Air Magic
 * Level 14.1 Earth Magic
 - Level 5.0 Poison Magic


You had 6 spell levels left.
You knew the following spells:

 Your Spells              Type           Power        Failure   Level  Hunger
d - Lee's Rapid Deconstr  Erth           #######...   1%          5    None
e - Mephitic Cloud        Conj/Pois/Air  ######..     1%          3    None
f - Orb of Destruction    Conj           #######...   1%          7    #####..
j - Bolt of Fire          Conj/Fire      #######...   1%          6    ####...
o - Passwall              Tmut/Erth      ######....   1%          2    None
r - Freezing Cloud        Conj/Ice/Air   ######....   2%          6    ####...
s - Stone Arrow           Conj/Erth      ######       0%          3    None
t - Olgreb's Toxic Radia  Pois           #####...     1%          4    None
u - Blink                 Tloc           N/A          1%          2    None
w - Petrify               Tmut/Erth      ######..     1%          4    None


Dungeon Overview and Level Annotations

Branches:
Dungeon (15/15)            Temple (1/1) D:5            Lair (6/6) D:11
 Shoals (4/4) Lair:3       Spider (4/4) Lair:2        Slime (5/5) Lair:6
    Orc (2/2) D:11            Elf (0/3) Orc:2        Vaults (3/5) D:14
 Depths (1/5) D:15
  Crypt: Vaults:2-3

Altars:
Ashenzari
Cheibriados
Dithmenos
Elyvilon
Fedhas
Gozag
Hepliaklqana
Kikubaaqudgha
Makhleb
Nemelex Xobeh
Okawaru
Qazlal
Ru
Sif Muna
Trog
Uskayaw
Vehumet
Wu Jian
Xom
Yredelemnul
Zin
The Shining One
Jiyva

Shops:
D:5 [   D:7 :   D:15 *   Orc:2 (=((   Shoals:1 *   Shoals:4 (   Vaults:1 (
Vaults:2 }

Annotations:
D:3 Autsider's ghost, amateur GrEE
Slime:5 Royal Jelly; zero's ghost, master GrBe
Vaults:3 Mara


Innate Abilities, Weirdness & Mutations

You are resistant to torment.
Your stone body is resilient. (AC +15)
You are immune to poison.
Your large and strong wings let you fly indefinitely.
You resist negative energy. (rN+)
You are resistant to electric shocks. (rElec)
You can survive without breathing.
You are immune to petrification.
You are immune to rotting.
You have supernaturally acute eyesight. (SInv)
You are very clumsy. (Dex -4)
Armour fits poorly on your strangely shaped body.
You have an increased reservoir of magic. (+10% MP)


Message History

You are splashed with acid!
The acid burns!
You resist.
* * * LOW HITPOINT WARNING * * *
Blink to where?
Press: ? - help, Dir - move target cursor, p - acid blob You are lightly contaminated with residual magic.
As you read the scroll of blinking, it crumbles to dust.
You found an alarm trap!
You feel better.
You are splashed with acid!
The walls burn you! You resist.
* * * LOW HITPOINT WARNING * * *
The acid blob spits acid at you. The splash of acid hits you! You resist.
* * * LOW HITPOINT WARNING * * *
You are splashed with acid!
The acid burns!
You resist.
* * * LOW HITPOINT WARNING * * *
The acid blob spits acid at you. The splash of acid hits you! You resist.
* * * LOW HITPOINT WARNING * * *
You are splashed with acid!
The acid burns!
You resist.
You die...

##.##....>....... #
#.............
##..#......###. #..........##
.. #####..........# ..######
##.###...........# .#.#.##.
#...##.....#....## .........
###..#......###.### J....#..#
##...@......## ###
...##...####.....#....## ..#
##....#....^.......### .
..###..................#.##.#
...#..........#.#...#........
.........##..............#...
..............<...........#..
.........JJ....>...........#
....#.......#..............#


You could see 2 acid blobs.

Vanquished Creatures
  Arachne (Spider:3)
  Rupert (Lair:5)
  2 acid blobs
  Roxanne (Shoals:2)
  2 azure jellies
  Ilsuiw (Shoals:4)
  A fire giant (D:15)
  4 ghost moths
  2 vault wardens (Vaults:2)
  2 frost giants
  7 emperor scorpions
  The ghost of GordonOverkill the Slicer, a journeyman NaEn of Ashenzari (Lair:6)
  The ghost of Celandrion the Fighter, a journeyman DsHu of Ru (Orc:1)
  The ghost of EnegeticOcto the Grappler, a journeyman TrEE of Uskayaw (Lair:5)
  2 very ugly things
  3 entropy weavers
  The ghost of Gorice the Fencer, a journeyman DsWn of Nemelex Xobeh (Lair:6)
  A spark wasp (Spider:4)
  6 merfolk javelineers
  15 merfolk impalers
  2 ettins
  A crystal guardian (Vaults:3)
  A minotaur (Lab)
  2 great orbs of eyes
  A fire dragon (Vaults:1)
  A rakshasa (D:13)
  A vault guard (D:14)
  2 ice dragons (Vaults:2)
  An alligator (shapeshifter) (D:13)
  9 hydras
  9 merfolk aquamancers
  2 alligator snapping turtles
  38 two-headed ogres
  2 merfolk avatars
  7 centaur warriors
  2 satyrs
  8 ogre magi
  Urug (Lair:4)
  2 deep elf knights (Vaults:3)
  4 skeletal warriors (Vaults:1)
  A fire crab (shapeshifter) (D:15)
  4 wizards
  3 unseen horrors
  13 sea snakes
  A glowing orange brain (Vaults:1)
  A necromancer (D:14)
  10 orc knights
  11 harpies
  4 lindwurms (Lair:3)
  3 ironbrand convokers
  2 wolf spider zombies (D:15)
  4 shining eyes
  23 wolf spiders
  13 ugly things
  5 deep elf magi
  2 orc sorcerers
  An oklob plant (Lair:5)
  18 orb spiders
  9 cyclopes
  13 merfolk sirens
  8 fauns
  3 black mambas
  9 vault sentinels
  9 manticores
  7 water nymphs
  An eye of devastation (Slime:2)
  A spectral swamp worm (D:15)
  A torpor snail (Spider:1)
  A gargoyle (D:15)
  20 spiny frogs
  9 demonic crawlers
  7 komodo dragons
  9 yaktaurs
  A kobold demonologist (D:13)
  4 freezing wraiths
  3 rime drakes
  5 wind drakes
  3 meliai
  5 trolls
  32 jumping spiders
  3 polar bears
  4 tyrant leeches (Lair:6)
  A hornet (shapeshifter) (Vaults:2)
  30 merfolk
  Prince Ribbit (D:6)
  8 hippogriffs
  A wind drake (shapeshifter) (Vaults:3)
  5 hornets
  A human simulacrum (Vaults:2)
  9 snapping turtles
  4 dream sheep
  22 blink frogs (Lair:6)
  A raiju (shapeshifter) (D:15)
  56 slime creatures
  15 water elementals
  83 redbacks
  2 shadows
  32 yaks
  39 tarantellas
  3 wyverns
  A redback (shapeshifter) (D:15)
  2 wraiths
  A yak (shapeshifter) (Vaults:2)
  2 basilisks
  A vampire (D:12)
  22 humans (D:14)
  A hungry ghost (D:14)
  3 golden eyes (Slime:4)
  A basilisk (shapeshifter) (Vaults:3)
  8 vampire mosquitoes
  7 wargs
  10 water moccasins
  An acid dragon (Vaults:2)
  16 porcupines
  20 orc warriors
  3 sky beasts
  2 phantoms
  3 black bears
  8 ice beasts
  An eye of draining (Slime:3)
  32 wolves
  A boggart (D:14)
  39 ogres
  18 centaurs
  11 crocodiles
  7 big kobolds
  25 bullfrogs
  A wyvern zombie (D:13)
  A wyvern skeleton (D:12)
  A scorpion (shapeshifter) (Vaults:2)
  An oklob sapling (D:5)
  3 scorpions
  14 killer bees
  14 electric eels
  4 howler monkeys
  5 crimson imps
  4 lava snakes (Lab)
  7 centaur zombies
  A quasit (D:14)
  4 hounds
  A bullfrog zombie (D:10)
  4 centaur skeletons
  11 orc priests
  5 jellies
  4 bullfrog skeletons
  Terence (D:2)
  4 iguanas
  16 orc wizards
  7 hell rats (Lair:6)
  7 worker ants
  A centaur simulacrum (D:11)
  A hound zombie (D:6)
  3 gnolls (D:11)
  12 adders
  5 shadow imps
  16 white imps
  A howler monkey simulacrum (D:11)
  2 ufetubi (D:11)
  8 oozes
  4 adder skeletons
  4 worms
  A dart slug (D:6)
  7 leopard geckos
  42 orcs
  10 bats
  7 giant cockroaches
  7 hobgoblins
  3 jackals
  6 quokkas
  4 ball pythons
  7 frilled lizards
  3 goblins
  2 jackal skeletons (D:4)
  16 kobolds
  2 leopard gecko zombies
  5 rats
  A bush (Lair:6)
  A butterfly (Lair:3)
  2 fungi (Lair:6)
  12 plants
1311 creatures vanquished.

Vanquished Creatures (others)
  A satyr (Shoals:3)
  4 yaktaurs (Vaults:2)
  A vampire (D:15)
  A centaur (Lair:1)
  An orc (Orc:1)
  3 bushes
  23 fungi
  85 plants
119 creatures vanquished.

Grand Total: 1430 creatures vanquished

Notes
Turn   | Place    | Note
-------+----------+-------------------------------------------
     0 | D:1      | alkexr the Gargoyle Earth Elementalist began the quest for the Orb.
     0 | D:1      | Reached XP level 1. HP: 10/10 MP: 3/3
   476 | D:1      | Reached XP level 2. HP: 12/15 MP: 5/5
   531 | D:1      | Learned a level 2 spell: Passwall
  1006 | D:1      | Reached XP level 3. HP: 5/19 MP: 4/6
  1812 | D:2      | Noticed Terence
  1819 | D:1      | Learned a level 3 spell: Stone Arrow
  2321 | D:2      | Found a sacrificial altar of Ru.
  2332 | D:2      | Reached skill level 1 in Conjurations
  2343 | D:2      | Reached XP level 4. HP: 23/24 MP: 7/7
  2456 | D:2      | Found an opulent altar of Gozag.
  2474 | D:2      | Found a burning altar of Makhleb.
  2740 | D:3      | Noticed Autsider's ghost (amateur GrEE)
  3323 | D:3      | Reached skill level 5 in Earth Magic
  3538 | D:3      | Reached skill level 2 in Conjurations
  3645 | D:3      | Reached XP level 5. HP: 26/28 MP: 8/8
  4345 | D:2      | Killed Terence
  5088 | D:4      | Reached skill level 3 in Conjurations
  5088 | D:4      | Reached XP level 6. HP: 14/32 MP: 0/10
  5559 | D:4      | Found a blossoming altar of Fedhas.
  5793 | D:4      | Found a snail-covered altar of Cheibriados.
  5915 | D:5      | Entered Level 5 of the Dungeon
  6274 | D:5      | Found Saruot's Antique Armour Emporium.
  6282 | D:5      | Bought a sheer robe for 165 gold pieces
  6283 | D:5      | Identified the cursed +1 robe of Action {*Drain rC++ Int+2 Dex+4} (You bought it in a shop on level 5 of the Dungeon)
  6361 | D:5      | Reached XP level 7. HP: 36/36 MP: 4/11
  6487 | D:5      | Reached skill level 4 in Conjurations
  6832 | D:5      | Found an ornate altar of the Wu Jian Council.
  6928 | D:5      | Found a staircase to the Ecumenical Temple.
  7534 | Temple   | Entered the Ecumenical Temple
  8213 | D:6      | Found a shimmering altar of Xom.
  8390 | D:6      | Noticed Prince Ribbit
  8395 | D:6      | Killed Prince Ribbit
  8395 | D:6      | Reached skill level 5 in Conjurations
  8395 | D:6      | Reached XP level 8. HP: 33/41 MP: 2/13
  8478 | D:6      | Found a hazy altar of Hepliaklqana.
  8795 | D:6      | Found the +7 captain's cutlass {speed, disarm}
  9204 | D:6      | Reached skill level 6 in Conjurations
  9784 | D:7      | Found Ikkador's Book Boutique.
  9940 | D:7      | Reached XP level 9. HP: 45/45 MP: 8/15
  9947 | D:7      | Gained mutation: You have a pair of small horns on your head. [mutagenic meat]
  9948 | D:7      | Gained mutation: You are dopey. (Int -2) [mutagenic meat]
  9949 | D:7      | Gained mutation: You have sharp toenails. [mutagenic meat]
  9950 | D:7      | Gained mutation: You have supernaturally acute eyesight. (SInv) [mutagenic meat]
 10033 | D:7      | Found a hazy altar of Hepliaklqana.
 10081 | D:7      | Reached skill level 7 in Conjurations
 10087 | D:7      | Learned a level 4 spell: Petrify
 10093 | D:7      | Learned a level 5 spell: Lee's Rapid Deconstruction
 10243 | D:7      | Found a shattered altar of Ashenzari.
 10319 | D:7      | Lost mutation: You have sharp toenails. [potion of mutation]
 10319 | D:7      | Lost mutation: You have a pair of small horns on your head. [potion of mutation]
 10319 | D:7      | Lost mutation: You are dopey. (Int -2) [potion of mutation]
 10319 | D:7      | Gained mutation: You are clumsy. (Dex -2) [potion of mutation]
 10319 | D:7      | Gained mutation: You are very clumsy. (Dex -4) [potion of mutation]
 10319 | D:7      | Gained mutation: You have an increased reservoir of magic. (+10% MP) [potion of mutation]
 10480 | D:8      | Noticed a two-headed ogre
 10500 | D:8      | Killed a two-headed ogre
 10500 | D:8      | Reached skill level 1 in Fighting
 10500 | D:8      | Reached skill level 1 in Short Blades
 10500 | D:8      | Reached skill level 5 in Spellcasting
 10500 | D:8      | Reached skill level 1 in Transmutations
 11082 | D:7      | Bought a book of Minor Magic for 260 gold pieces
 11086 | D:7      | Learned a level 3 spell: Mephitic Cloud
 11296 | D:8      | Reached skill level 8 in Conjurations
 11306 | D:8      | Found a viscous altar of Jiyva.
 11475 | D:8      | Found a shadowy altar of Dithmenos.
 11476 | D:8      | Found a sparkling altar of Nemelex Xobeh.
 11594 | D:9      | Reached skill level 10 in Earth Magic
 11684 | D:9      | Noticed a two-headed ogre
 11693 | D:9      | Killed a two-headed ogre
 11693 | D:9      | Reached XP level 10. HP: 54/54 MP: 1/19
 11837 | D:9      | Noticed a two-headed ogre
 11847 | D:9      | Killed a two-headed ogre
 12225 | D:9      | Reached skill level 9 in Conjurations
 12352 | D:9      | Found a deep blue altar of Sif Muna.
 12352 | D:9      | Found an ancient bone altar of Kikubaaqudgha.
 12354 | D:9      | Found a radiant altar of Vehumet.
 12358 | D:9      | Identified Sif Muna's Disquisition on Calling
 12367 | D:9      | Became a worshipper of Vehumet
 12371 | D:9      | Learned a level 2 spell: Blink
 12900 | D:10     | Entered Level 10 of the Dungeon
 13193 | D:10     | Noticed a two-headed ogre
 13205 | D:10     | Killed a two-headed ogre
 13205 | D:10     | Reached XP level 11. HP: 61/61 MP: 7/22
 13781 | D:10     | Noticed a two-headed ogre
 13804 | D:10     | Killed a two-headed ogre
 13804 | D:10     | Reached skill level 1 in Translocations
 13909 | D:10     | Reached * piety under Vehumet
 13909 | D:10     | Offered knowledge of Freeze by Vehumet.
 14196 | D:10     | Identified the cursed +3 war axe of Bloodstone {distort, Str+3} (You found it on level 10 of the Dungeon)
 14356 | D:11     | Reached skill level 10 in Conjurations
 14428 | D:11     | Reached skill level 5 in Fighting
 14442 | D:11     | Found a frozen archway.
 14503 | IceCv    | Entered an ice cave
 14701 | D:11     | Reached ** piety under Vehumet
 14857 | D:11     | Offered knowledge of Throw Frost by Vehumet.
 14862 | D:11     | Noticed a four-headed hydra
 15018 | D:11     | Noticed a cyan ugly thing
 15027 | D:10     | Killed a cyan ugly thing
 15322 | D:11     | Offered knowledge of Ignite Poison by Vehumet.
 15346 | D:11     | Reached skill level 5 in Dodging
 15457 | D:11     | Found a staircase to the Lair.
 15469 | D:11     | Reached XP level 12. HP: 71/71 MP: 19/25
 15516 | D:11     | Reached *** piety under Vehumet
 15849 | D:11     | Found a staircase to the Orcish Mines.
 15956 | D:11     | Killed a four-headed hydra
 16080 | Lair:1   | Entered Level 1 of the Lair of Beasts
 16356 | Lair:1   | Offered knowledge of Iskenderun's Mystic Blast by Vehumet.
 16415 | Lair:1   | Found a shadowy altar of Dithmenos.
 16417 | Lair:1   | Reached skill level 11 in Conjurations
 16753 | Lair:1   | Noticed a four-headed hydra
 16756 | Lair:1   | Killed a four-headed hydra
 16756 | Lair:1   | Reached skill level 5 in Short Blades
 17243 | Lair:2   | Found a shimmering altar of Xom.
 17815 | Lair:2   | Reached **** piety under Vehumet
 17963 | Lair:2   | Found a hole to the Spider Nest.
 18036 | Lair:2   | Offered knowledge of Iskenderun's Battlesphere by Vehumet.
 18314 | Lair:3   | Noticed a six-headed hydra
 18604 | Lair:3   | Killed a six-headed hydra
 18708 | Lair:3   | Reached XP level 13. HP: 62/80 MP: 25/28
 18878 | Lair:3   | Found a staircase to the Shoals.
 18895 | Lair:3   | Learned a level 5 spell: Iskenderun's Battlesphere
 18913 | Lair:3   | Identified the +4 flail of Wuagedgh {crush, +Inv rF- Str+3 Int+4} (You found it on level 3 of the Lair of Beasts)
 19170 | Lair:3   | Found the +8 orange crystal plate armour {Archmagi, Int+3 Clar}
 19183 | Lair:3   | HP: 3/80 [lindwurm/blast of flame (35)]
 20471 | Lair:3   | Identified the +3 pair of gloves of Coihyom {rElec rPois Str+3} (You found it on level 3 of the Lair of Beasts)
 20634 | Lair:3   | Identified the Handbook of Damaging Poisoning
 20940 | Lair:4   | Noticed Urug
 20978 | Lair:4   | Killed Urug
 21764 | Lair:4   | Reached skill level 5 in Stealth
 22547 | Lair:5   | Noticed Rupert
 22615 | Lair:5   | HP: 2/80 [Rupert/executioner's axe of electrocution (28)]
 22806 | Lair:6   | Entered Level 6 of the Lair of Beasts
 23096 | D:12     | Reached ***** piety under Vehumet
 23357 | D:12     | Reached skill level 10 in Spellcasting
 23376 | D:12     | Offered knowledge of Orb of Destruction by Vehumet.
 23385 | D:12     | Learned a level 7 spell: Orb of Destruction
 24221 | D:12     | Reached skill level 1 in Poison Magic
 24931 | D:13     | Gained mutation: Your large and strong wings let you fly indefinitely. [Gargoyle growth]
 24931 | D:13     | Reached XP level 14. HP: 86/86 MP: 22/30
 25857 | D:13     | Reached skill level 12 in Conjurations
 28152 | D:14     | Found a gate to the Vaults.
 28380 | D:15     | Entered Level 15 of the Dungeon
 28462 | D:15     | Reached skill level 13 in Conjurations
 28466 | D:15     | Found Sotax's General Store.
 28467 | D:15     | Found a labyrinth entrance.
 28485 | Lab      | Entered a labyrinth
 28830 | Lab      | Got a heavily runed granite ring
 28859 | Lab      | Got a warped whip
 29117 | D:14     | Identified the +9 whip of Animal Spirits {freeze, rElec Str+5} (You found it in a labyrinth)
 29123 | D:14     | Identified the ring "Leppaon" {rCorr Str+8} (You took it off a minotaur in a labyrinth)
 29455 | D:15     | Reached skill level 10 in Short Blades
 29489 | D:14     | Reached XP level 15. HP: 65/90 MP: 18/33
 30095 | D:15     | Found a staircase to the Depths.
 30291 | D:15     | Reached skill level 14 in Conjurations
 30343 | D:15     | Offered knowledge of Bolt of Fire by Vehumet.
 31253 | D:15     | Learned a level 4 spell: Olgreb's Toxic Radiance
 31415 | Spider:1 | Entered Level 1 of the Spider Nest
 31948 | Spider:1 | Learned a level 6 spell: Bolt of Fire
 31967 | Spider:1 | Reached skill level 1 in Fire Magic
 33248 | Spider:2 | Reached skill level 5 in Poison Magic
 33401 | Spider:2 | Reached skill level 5 in Fire Magic
 33484 | Spider:2 | Noticed an emperor scorpion
 33592 | Spider:2 | Killed an emperor scorpion
 33962 | Spider:2 | Noticed a ghost moth
 34080 | Spider:2 | Killed a ghost moth
 34677 | Spider:3 | Reached XP level 16. HP: 96/96 MP: 23/35
 35245 | Spider:3 | Reached skill level 1 in Air Magic
 35513 | Spider:3 | Noticed Arachne
 35556 | Spider:3 | Killed Arachne
 36444 | Spider:3 | Reached ****** piety under Vehumet
 36687 | Spider:4 | Entered Level 4 of the Spider Nest
 36833 | Spider:4 | Offered knowledge of Ozocubu's Refrigeration by Vehumet.
 38499 | Spider:4 | Reached skill level 15 in Conjurations
 39444 | Spider:4 | Reached XP level 17. HP: 100/100 MP: 12/37
 39996 | Spider:4 | Got a gossamer rune of Zot
 40316 | D:5      | Bought a buckler for 130 gold pieces
 40324 | D:5      | Learned a level 6 spell: Freezing Cloud
 40572 | Lair:5   | Noticed EnegeticOcto's ghost (journeyman TrEE)
 40578 | Lair:5   | Killed EnegeticOcto's ghost
 40578 | Lair:5   | Reached skill level 1 in Ice Magic
 40737 | Lair:5   | Identified the cursed +3 mace of Nemelex Xobeh's Favour {freeze, -Tele rElec Dex+4} (You found it on level 5 of the Lair of Beasts)
 40995 | Lair:5   | Killed Rupert
 41349 | Lair:6   | Reached skill level 5 in Air Magic
 41421 | Lair:6   | Offered knowledge of Spellforged Servitor by Vehumet.
 41496 | Lair:6   | Reached skill level 1 in Shields
 41988 | Lair:6   | Noticed Gorice's ghost (journeyman DsWn)
 41995 | Lair:6   | Killed Gorice's ghost
 42294 | Lair:6   | Found a staircase to the Slime Pits.
 42349 | Lair:6   | Found the +9 heavy crossbow "Sniper" {velocity, Acc+∞ SInv}
 42575 | Lair:6   | Noticed GordonOverkill's ghost (journeyman NaEn)
 42640 | Lair:6   | Killed GordonOverkill's ghost
 42640 | Lair:6   | Reached skill level 5 in Ice Magic
 43356 | Orc:1    | Entered Level 1 of the Orcish Mines
 43405 | Orc:1    | Noticed Celandrion's ghost (journeyman DsHu)
 43412 | Orc:1    | Killed Celandrion's ghost
 43815 | Orc:1    | Found a burning altar of Makhleb.
 43819 | Orc:1    | Offered knowledge of Iron Shot by Vehumet.
 43959 | Orc:2    | Entered Level 2 of the Orcish Mines
 44418 | Orc:2    | Found a staircase to the Elven Halls.
 44464 | Orc:2    | Reached skill level 10 in Fighting
 44911 | Orc:2    | Found Cuary's Weapon Emporium.
 44911 | Orc:2    | Found Huesar Fymeu's Jewellery Shop.
 44912 | Orc:2    | Found Sistrypod's Antique Weapon Shop.
 44912 | Orc:2    | Found Usuf's Weapon Shoppe.
 44935 | Orc:2    | Reached XP level 18. HP: 104/110 MP: 38/38
 45513 | Vaults:1 | Entered Level 1 of the Vaults
 45726 | Vaults:1 | Found Iso Qala's Weapon Boutique.
 47590 | Vaults:2 | Identified the +1 ring mail of Undesirable Species {+Blink rF- MR+} (You found it on level 2 of the Vaults)
 47592 | Vaults:2 | Found Mur Ypsipsi's Gadget Boutique.
 47692 | Vaults:2 | Offered knowledge of Bolt of Cold by Vehumet.
 50255 | Vaults:2 | Reached skill level 1 in Armour
 50888 | Vaults:3 | Offered knowledge of Poison Arrow by Vehumet.
 51548 | Vaults:3 | Noticed Mara
 51868 | Shoals:1 | Entered Level 1 of the Shoals
 51924 | Shoals:1 | Found a runed door.
 52152 | Shoals:1 | Reached XP level 19. HP: 119/119 MP: 30/40
 52441 | Shoals:1 | Found Pol Geqo's General Store.
 52568 | Shoals:1 | Bought a scroll of teleportation for 57 gold pieces
 52568 | Shoals:1 | Bought a potion of haste for 190 gold pieces
 52568 | Shoals:1 | Bought a potion of cancellation for 152 gold pieces
 53487 | Shoals:2 | Reached skill level 10 in Dodging
 54313 | Shoals:2 | Noticed Roxanne
 54322 | Shoals:2 | Killed Roxanne
 54366 | Shoals:2 | Reached skill level 5 in Armour
 55213 | Shoals:3 | Offered knowledge of Lehudib's Crystal Spear by Vehumet.
 55213 | Shoals:3 | Offered knowledge of Chain Lightning by Vehumet.
 55213 | Shoals:3 | Offered knowledge of Ignition by Vehumet.
 55839 | Shoals:3 | Identified a scroll of acquirement
 55840 | Shoals:3 | Found the +0 Maxwell's etheric cage {RegenMP+ *Contam rElec MP+4}
 56376 | Shoals:4 | Entered Level 4 of the Shoals
 58022 | Shoals:4 | Found Kaadib's Weapon Emporium.
 58231 | Shoals:4 | Noticed Ilsuiw
 58237 | Shoals:4 | Killed Ilsuiw
 58496 | Shoals:4 | Got a barnacled rune of Zot
 58898 | Depths:1 | Entered Level 1 of the Depths
 58903 | D:15     | Reached XP level 20. HP: 121/124 MP: 35/42
 58981 | D:15     | Reached skill level 1 in Long Blades
 59521 | Slime:1  | Entered Level 1 of the Pits of Slime
 60475 | Slime:3  | Gained mutation: Armour fits poorly on your strangely shaped body. [a shining eye]
 60630 | Slime:5  | Entered Level 5 of the Pits of Slime
 60743 | Slime:5  | Noticed the Royal Jelly
 60744 | Slime:5  | Noticed zero's ghost (master GrBe)
 60857 | Slime:4  | HP: 6/124 [acid blob/splash of acid (4)]
 60857 | Slime:4  | Splashed by an acid blob's acid

Vault maps used:
D:1:      sevenhm_arrival_forest_fort_large_2
D:2:      lemuel_round_altar, grunt_gozag_statues,
          nicolae_ru_great_annihilating_truth, uniq_terence
D:3:      first_bread
D:4:      fedhas_altar_1, cheibriados_altar_1, mrwooster_statue_mirror
D:5:      lemuel_coloured_pillars_altar, minmay_temple_entry_oklob,
          serial_shops, nicolae_shop_trees, nrook_uturn
D:6:      cheibrodos_two_vegetables, lemuel_crystal_altar, basic_altar,
          uniq_prince_ribbit1
D:7:      lemuel_round_altar, nicolae_overflow_crystal_walls, serial_shops, shop
D:8:      gammafunk_temple_overflow_statue, hangedman_little_slice_of_home,
          minmay_misc_feat_pillars
D:9:      grunt_temple_overflow_magic_moments
D:10:     nooodl_orcs_dogs
D:11:     minmay_lair_entry_grove, serial_ice, serial_ice_h, serial_ice_f,
          serial_ice_i, serial_ice_a, serial_ice_e, serial_ice_b, serial_ice_g,
          serial_ice_o, portal_ice_cave_entry_imps
D:12:     minmay_stone_trees_small, kennysheep_generic_room_12
D:14:     grunt_vaults_entry_tiered, minivault_20
D:15:     hangedman_depths_entry_civil_slaughter, serial_shops, shop,
          lab_entry_generic, serial_bayou_pond_c
Temple:   compressed_dpeg_triangle_lava_temple
Lair:1:   beast_lair_carwin_large_4, lemuel_centaur_altar
Lair:2:   nicolae_spider_entry_tight_spaces, basic_altar, serial_bayou_crossing
Lair:3:   minmay_shoals_entry_beasts, minmay_lindwurm_lava, lemuel_fruit_fields
Lair:4:   uniq_urug
Lair:5:   minmay_lair_oklob_items, lemuel_fruit_tree, grunt_megastairs_4,
          uniq_rupert
Lair:6:   minmay_lair_end_frog_pond, slime_dummy
Shoals:1: serial_shops, nicolae_shop_trees, nicolae_shoals_square_sea_wall,
          lightli_airlock
Shoals:2: uniq_roxanne
Shoals:3: nicolae_shoals_aquamancer_cove
Shoals:4: shoals_end_grunt_ice, shoal_ilsuiw, serial_shops,
          nicolae_shop_temple_entry_statues_fountains
Spider:2: spider_trap
Spider:3: nicolae_spider_webs_and_nodes, uniq_arachne
Spider:4: grunt_spider_rune_circles
Slime:2:  cheibrodos_slime_lost_civilization_4
Slime:3:  nicolae_slime_welcoming_committee
Orc:1:    basic_altar
Orc:2:    st_orc_ogre_mass, nicolae_orc_rockfall
Vaults:1: v_misc_13, nicolae_vaults_theta, v_misc_8, serial_shops, shop_statue
Vaults:2: vaults_standard_mumra_enter_the_diamond,
          nicolae_vaults_branching_niches, hangedman_vaults_cutoff,
          hangedman_vaults_nails, v_misc_17, nicolae_vaults_mini_display_case,
          vaults_room_door_ring, nicolae_vaults_network_s,
          ontoclasm_vaults_ligature, hangedman_vaults_slice, serial_shops,
          shop_statue
Vaults:3: nicolae_vaults_little_ls, st_greater_box_3,
          nicolae_vaults_circle_grid_b, vaults_room_door_ring,
          minmay_crypt_entry_simple_walls, serial_ice_h,
          nicolae_vaults_little_squares_1, hangedman_vaults_capsules,
          nicolae_vaults_sealed_display, vaults_room_stairs_pillars, uniq_aizul,
          uniq_mara
Depths:1: abyss_entry, wad_floor_pattern_untrapped, pf_hell_entry_tar_river,
          hex_medium, eino_curves_01, nicolae_elemental_shop
Lab:      labyrinth_mini_lab, lab_fountain, nicolae_lab_arrow,
          labyrinth_lava_lair, nicolae_lab_x, nicolae_lab_t_cross,
          labyrinth_skeletal_remains, nicolae_lab_big_swirl
IceCv:    ice_cave_small_giant

Skill      XL: |  1  2  3  4  5  6  7  8  9 10 11 12 13 14 15 16 17 18 19 20 |
---------------+-------------------------------------------------------------+-----
Earth Magic    | 4 5 6 7 8 10 11 13 14 | 14.1
Dodging        | 2 3 4 5 6 7 8 9 10 | 10.7
Conjurations   | 1 2 3 5 6 8 9 10 11 13 14 15 | 15.2
Spellcasting   | 3 4 5 6 7 9 10 11 12 13 14 | 14.9
Fighting       | 2 4 6 8 9 11 13 | 13.0
Short Blades   | 2 3 4 5 8 10 11 | 11.4
Transmutations | 2 3 |  3.3
Translocations | 2 3 |  3.1
Stealth        | 6 |  6.0
Poison Magic   | 1 4 5 |  5.0
Fire Magic     | 7 |  7.2
Air Magic      | 4 5 |  5.1
Ice Magic      | 6 8 |  8.0
Shields        | 4 |  4.0
Armour         | 3 7 |  7.1
Long Blades    | 4 |  4.3

Action                   |  1- 3 |  4- 6 |  7- 9 | 10-12 | 13-15 | 16-18 | 19-21 || total
-------------------------+-------+-------+-------+-------+-------+-------+-------++-------
Melee: Unarmed           |    89 |       |       |       |       |       |       ||    89
       Whip              |    73 |   118 |       |       |       |       |       ||   191
       Flail             |       |    81 |    89 |       |       |       |       ||   170
       Cutlass           |       |       |    39 |   396 |   738 |   699 |   284 ||  2156
       Kick              |       |       |     1 |       |       |       |       ||     1
       Headbutt          |       |       |     1 |       |       |       |       ||     1
Throw: Stone             |       |       |       |       |     1 |       |       ||     1
 Cast: Sandblast         |    19 |    28 |    30 |   101 |    25 |       |       ||   203
       Stone Arrow       |       |    21 |    50 |   135 |   332 |   213 |   141 ||   892
       Lee's Rapid Decon |       |       |     5 |    40 |   104 |    15 |    44 ||   208
       Mephitic Cloud    |       |       |     2 |     3 |       |    12 |     1 ||    18
       Petrify           |       |       |       |     5 |     7 |     2 |     3 ||    17
       Blink             |       |       |       |     3 |     6 |    11 |     6 ||    26
       Iskenderun's Batt |       |       |       |       |     9 |       |       ||     9
       Passwall          |       |       |       |       |     1 |       |     2 ||     3
       Olgreb's Toxic Ra |       |       |       |       |    52 |   116 |    23 ||   191
       Orb of Destructio |       |       |       |       |    10 |    39 |    37 ||    86
       Bolt of Fire      |       |       |       |       |     1 |    81 |    72 ||   154
       Freezing Cloud    |       |       |       |       |       |    95 |    53 ||   148
 Abil: Evoke Flight      |       |       |     2 |       |       |       |       ||     2
       Stop Flying       |       |       |     1 |       |     3 |     2 |     3 ||     9
       Fly               |       |       |       |       |     3 |     3 |     3 ||     9
Evoke: Wand              |       |       |       |       |       |     7 |       ||     7
  Use: Scroll            |       |     2 |     6 |    10 |    14 |    10 |     9 ||    51
       Potion            |       |       |     3 |     5 |    11 |     1 |     4 ||    24
 Stab: Sleeping          |     2 |     3 |     3 |     2 |     3 |     1 |       ||    14
       Paralysed         |     1 |       |       |       |       |       |       ||     1
       Confused          |       |       |       |     3 |       |       |       ||     3
  Eat: Chunk             |     5 |    14 |    15 |    32 |    32 |    78 |    37 ||   213
       Royal jelly       |       |       |     2 |       |       |       |       ||     2
       Meat ration       |       |       |     2 |       |     6 |     1 |       ||     9
       Bread ration      |       |       |       |       |     2 |     6 |     6 ||    14
Armor: Robe              |    71 |    81 |    46 |   185 |   329 |   214 |    96 ||  1022
Dodge: Dodged            |   135 |   186 |    88 |   325 |   476 |   353 |   163 ||  1726
Block: Other             |       |       |       |    28 |    93 |    39 |       ||   160
       Reflection        |       |       |       |     3 |     6 |    10 |    18 ||    37
       Buckler           |       |       |       |       |       |    70 |    68 ||   138

Table legend:
 A = Spawn XP
 B = Non-spawn XP
 C = Spawn XP percentage of total XP
 D = Spawn monster count
 E = Non-spawn monster count
 F = Spawn count percentage of total count
 G = Total turns spent on level
                    A         B        C        D         E        F      G
               +---------+---------+-------+---------+---------+-------+---------
         Total |       0 |  427500 |   0.0 |       0 |    1302 |   0.0 | 60857
               +---------+---------+-------+---------+---------+-------+---------
           D:1 |       0 |      43 |   0.0 |       0 |      22 |   0.0 |  1899
           D:2 |       0 |     107 |   0.0 |       0 |      26 |   0.0 |  1364
           D:3 |       0 |      79 |   0.0 |       0 |      19 |   0.0 |  1349
           D:4 |       0 |     178 |   0.0 |       0 |      17 |   0.0 |  1303
           D:5 |       0 |     368 |   0.0 |       0 |      13 |   0.0 |  1799
           D:6 |       0 |    1266 |   0.0 |       0 |      20 |   0.0 |  1813
           D:7 |       0 |     803 |   0.0 |       0 |      11 |   0.0 |   631
           D:8 |       0 |    1771 |   0.0 |       0 |      20 |   0.0 |  1321
           D:9 |       0 |    3079 |   0.0 |       0 |      21 |   0.0 |  1202
          D:10 |       0 |    5556 |   0.0 |       0 |      34 |   0.0 |  1954
          D:11 |       0 |    5944 |   0.0 |       0 |      67 |   0.0 |  1726
          D:12 |       0 |    7823 |   0.0 |       0 |      31 |   0.0 |  1919
          D:13 |       0 |    7869 |   0.0 |       0 |      28 |   0.0 |  1375
          D:14 |       0 |   17837 |   0.0 |       0 |      57 |   0.0 |  2714
          D:15 |       0 |   27134 |   0.0 |       0 |      61 |   0.0 |  2615
        Lair:1 |       0 |    4390 |   0.0 |       0 |      31 |   0.0 |  1185
        Lair:2 |       0 |    5428 |   0.0 |       0 |      25 |   0.0 |  1514
        Lair:3 |       0 |    8127 |   0.0 |       0 |      34 |   0.0 |  2315
        Lair:4 |       0 |    5496 |   0.0 |       0 |      19 |   0.0 |  1676
        Lair:5 |       0 |    7685 |   0.0 |       0 |      11 |   0.0 |  1491
        Lair:6 |       0 |   23842 |   0.0 |       0 |      90 |   0.0 |  2026
      Shoals:1 |       0 |   16082 |   0.0 |       0 |      32 |   0.0 |  1566
      Shoals:2 |       0 |   13878 |   0.0 |       0 |      28 |   0.0 |  1710
      Shoals:3 |       0 |   16354 |   0.0 |       0 |      26 |   0.0 |  1563
      Shoals:4 |       0 |   41976 |   0.0 |       0 |      65 |   0.0 |  2039
      Spider:1 |       0 |   14010 |   0.0 |       0 |      44 |   0.0 |  1565
      Spider:2 |       0 |   11890 |   0.0 |       0 |      32 |   0.0 |  1608
      Spider:3 |       0 |   20753 |   0.0 |       0 |      55 |   0.0 |  2390
      Spider:4 |       0 |   40365 |   0.0 |       0 |      85 |   0.0 |  3015
       Slime:1 |       0 |    4208 |   0.0 |       0 |      10 |   0.0 |   408
       Slime:2 |       0 |    5443 |   0.0 |       0 |      14 |   0.0 |   396
       Slime:3 |       0 |    2011 |   0.0 |       0 |       6 |   0.0 |    99
       Slime:4 |       0 |    5590 |   0.0 |       0 |      14 |   0.0 |   249
       Slime:5 |       0 |    4115 |   0.0 |       0 |       5 |   0.0 |    40
         Orc:1 |       0 |    2530 |   0.0 |       0 |      18 |   0.0 |   527
         Orc:2 |       0 |   24526 |   0.0 |       0 |      70 |   0.0 |  1409
      Vaults:1 |       0 |   20772 |   0.0 |       0 |      40 |   0.0 |  2468
      Vaults:2 |       0 |   30604 |   0.0 |       0 |      57 |   0.0 |  2715
      Vaults:3 |       0 |   15043 |   0.0 |       0 |      32 |   0.0 |  1046
      Depths:1 |       0 |     230 |   0.0 |       0 |       2 |   0.0 |    12
           Lab |       0 |    1491 |   0.0 |       0 |       6 |   0.0 |   384
         IceCv |       0 |     804 |   0.0 |       0 |       4 |   0.0 |    32
               +---------+---------+-------+---------+---------+-------+---------
